TOP OF THE 1ST |
University of Maine Black Bears batting - Pitching for University of Florida Gators : LHP Alex Zepeda
|
Pitching: LHP Alex Zepeda
|
|
Batting: SHB Mario Barajas
|
0-0: Called Strike 0-1: Foul Ball, location: 2F 0-2: Strikes out swinging
|
Batting: RHB Wang Huan
|
0-0: DOUBLE (Flyball, 8LD, EV 96.9 MPH)
|
Batting: RHB Justin Degon
|
0-0: Foul Ball, location: 2F 0-1: Ground out 4-3 (Groundball, 4S, EV 70.6 MPH) Wang Huan to third
|
Batting: LHB Carlos Rivera
|
0-0: DOUBLE (Groundball, 5L, EV 110.0 MPH) Wang Huan scores
|
Batting: RHB Jay Mellon
|
0-0: Swinging Strike 0-1: Ball 1-1: Called Strike 1-2: Foul Ball, location: 2F 1-2: Fly out, F8 (Flyball, 89D, EV 86.2 MPH)
|
Top of the 1st over - 1 run, 2 hits, 0 errors, 1 left on base; University of Maine 1 - University of Florida 0 |
BOTTOM OF THE 1ST |
University of Florida Gators batting - Pitching for University of Maine Black Bears : RHP Sean Elder
|
Pitching: RHP Sean Elder
|
|
Batting: RHB Marco Morales
|
0-0: Ball 1-0: Ground out 6-3 (Groundball, 6, EV 85.0 MPH)
|
Batting: RHB Keith Kamerling
|
0-0: Called Strike 0-1: Foul Ball, location: 2F 0-2: Ball 1-2: Foul Ball, location: 2F 1-2: Ball 2-2: Strikes out swinging
|
Batting: LHB Ryan Rogers
|
0-0: Ball 1-0: Ball 2-0: Foul Ball, location: 2F 2-1: Ball 3-1: Called Strike 3-2: Base on Balls
|
Batting: RHB Juan Lopez
|
0-0: Ball 1-0: Fielders Choice at 2nd, 5-4 (Groundball, 56, EV 107.5 MPH)
|
Bottom of the 1st over - 0 runs, 0 hits, 0 errors, 1 left on base; University of Maine 1 - University of Florida 0 |
TOP OF THE 2ND |
University of Maine Black Bears batting - Pitching for University of Florida Gators : LHP Alex Zepeda
|
Batting: RHB Christopher Arnett
|
0-0: Ball 1-0: Ground out 3-1 (Groundball, 34S, EV 86.9 MPH)
|
Batting: LHB Dave Aguilar
|
0-0: Called Strike 0-1: Called Strike 0-2: SINGLE (Groundball, 34D, EV 98.1 MPH)
|
Batting: RHB Dave MacAulay
|
0-0: Ball 1-0: Called Strike 1-1: Swinging Strike 1-2: SINGLE (Line Drive, 34D, EV 98.8 MPH) Dave Aguilar to second
|
Batting: LHB John Harvey
|
0-0: Ball 1-0: Grounds into double play, 6-4-3 (Groundball, 6, EV 83.8 MPH)
|
Top of the 2nd over - 0 runs, 2 hits, 0 errors, 1 left on base; University of Maine 1 - University of Florida 0 |
BOTTOM OF THE 2ND |
University of Florida Gators batting - Pitching for University of Maine Black Bears : RHP Sean Elder
|
Batting: RHB Luis Cabera
|
0-0: Hit by Pitch
|
Batting: RHB Ben Bailey
|
0-0: Ball 1-0: Called Strike 1-1: Called Strike 1-2: Ball 2-2: Ball 3-2: Base on Balls Luis Cabera to second
|
Batting: RHB Elliott Pye
|
0-0: Ball 1-0: Fielders Choice at 2nd, 6-4 (Groundball, 6, EV 96.9 MPH) Luis Cabera to third
|
Batting: RHB Lião Weishampt
|
0-0: Ball 1-0: SINGLE (Groundball, 6MD, EV 98.8 MPH) Luis Cabera scores Elliott Pye to second
|
Batting: RHB Danny Cisneros
|
0-0: Ball 1-0: Ball 2-0: Ball 3-0: Called Strike 3-1: Base on Balls Elliott Pye to third Lião Weishampt to second
|
Batting: RHB Marco Morales
|
0-0: Foul Ball, location: 2F 0-1: Ball 1-1: Fielders Choice at 2nd, 6-4 (Groundball, 6, EV 97.5 MPH) Elliott Pye scores Lião Weishampt to third
|
Batting: RHB Keith Kamerling
|
0-0: Ball 1-0: Ball 2-0: Ground out 2-3 (Groundball, 2R, EV 69.4 MPH)
|
Bottom of the 2nd over - 2 runs, 1 hit, 0 errors, 2 left on base; University of Maine 1 - University of Florida 2 |
TOP OF THE 3RD |
University of Maine Black Bears batting - Pitching for University of Florida Gators : LHP Alex Zepeda
|
Batting: SHB Mario Barajas
|
0-0: Ball 1-0: SINGLE (Groundball, 4MD, EV 103.8 MPH)
|
Batting: RHB Wang Huan
|
0-0: Called Strike 0-1: Foul Ball, location: 2F 0-2: Foul Ball, location: 2F 0-2: Ball 1-2: Fly out, F3 (Line Drive, 3, EV 62.5 MPH) Lined into DP, U3 (Line Drive, 3, EV 69.4 MPH)
|
Batting: RHB Justin Degon
|
0-0: Ground out 3-1 (Groundball, 34, EV 95.6 MPH)
|
Top of the 3rd over - 0 runs, 1 hit, 0 errors, 0 left on base; University of Maine 1 - University of Florida 2 |
BOTTOM OF THE 3RD |
University of Florida Gators batting - Pitching for University of Maine Black Bears : RHP Sean Elder
|
Batting: LHB Ryan Rogers
|
0-0: Ball 1-0: Swinging Strike 1-1: Ball 2-1: Ball 3-1: Base on Balls
|
Batting: RHB Juan Lopez
|
0-0: Called Strike 0-1: Ground out 4-3 (Groundball, 4MS, EV 68.1 MPH) Ryan Rogers to second
|
Batting: RHB Luis Cabera
|
0-0: Foul Ball, location: 2F 0-1: Ball 1-1: Called Strike 1-2: Foul Ball, location: 2F 1-2: Ground out 1-3 (Groundball, 13, EV 67.5 MPH) Ryan Rogers to third
|
Batting: RHB Ben Bailey
|
0-0: Ball 1-0: Fly out, F8 (Line Drive, 89M, EV 108.8 MPH)
|
Bottom of the 3rd over - 0 runs, 0 hits, 0 errors, 1 left on base; University of Maine 1 - University of Florida 2 |
TOP OF THE 4TH |
University of Maine Black Bears batting - Pitching for University of Florida Gators : LHP Alex Zepeda
|
Batting: LHB Carlos Rivera
|
0-0: Ball 1-0: Foul Ball, location: 2F 1-1: Foul Ball, location: 2F 1-2: Fly out, F8 (Flyball, 78D, EV 91.9 MPH)
|
Batting: RHB Jay Mellon
|
0-0: Ball 1-0: Ball 2-0: SINGLE (Groundball, 3S, EV 62.5 MPH) (infield hit)
|
Batting: RHB Christopher Arnett
|
0-0: Ball Jay Mellon is caught stealing 2nd base 2-4 1-0: SINGLE (Line Drive, 4D, EV 95.6 MPH)
|
Batting: LHB Dave Aguilar
|
0-0: Ball 1-0: Ball 2-0: Foul Ball, location: 2F 2-1: Ball 3-1: Called Strike 3-2: Strikes out swinging
|
Top of the 4th over - 0 runs, 2 hits, 0 errors, 1 left on base; University of Maine 1 - University of Florida 2 |
BOTTOM OF THE 4TH |
University of Florida Gators batting - Pitching for University of Maine Black Bears : RHP Sean Elder
|
Batting: RHB Elliott Pye
|
0-0: Ball 1-0: Fly out, F8 (Flyball, 78M, EV 82.5 MPH)
|
Batting: RHB Lião Weishampt
|
0-0: Swinging Strike 0-1: Swinging Strike 0-2: Strikes out swinging, 2-3 out at first.
|
Batting: RHB Danny Cisneros
|
0-0: Foul Ball, location: 2F 0-1: Swinging Strike 0-2: Ball 1-2: Foul Ball, location: 2F 1-2: Ball 2-2: Foul Ball, location: 2F 2-2: Ball 3-2: Foul Ball, location: 2F 3-2: Strikes out swinging
|
Bottom of the 4th over - 0 runs, 0 hits, 0 errors, 0 left on base; University of Maine 1 - University of Florida 2 |
TOP OF THE 5TH |
University of Maine Black Bears batting - Pitching for University of Florida Gators : LHP Alex Zepeda
|
Batting: RHB Dave MacAulay
|
0-0: Fly out, F8 (Flyball, 8RD, EV 96.2 MPH)
|
Batting: LHB John Harvey
|
0-0: Called Strike 0-1: Ground out 5-3 (Groundball, 56, EV 87.5 MPH)
|
Batting: SHB Mario Barajas
|
0-0: Ball 1-0: Foul Ball, location: 2F 1-1: Ball 2-1: DOUBLE (Flyball, 78XD, EV 106.9 MPH)
|
Batting: RHB Wang Huan
|
0-0: Called Strike 0-1: Fly out, F7 (Flyball, 7, EV 80.6 MPH)
|
Top of the 5th over - 0 runs, 1 hit, 0 errors, 1 left on base; University of Maine 1 - University of Florida 2 |
BOTTOM OF THE 5TH |
University of Florida Gators batting - Pitching for University of Maine Black Bears : RHP Sean Elder
|
Batting: RHB Marco Morales
|
0-0: Foul Ball, location: 2F 0-1: Foul Ball, location: 2F 0-2: Strikes out swinging
|
Batting: RHB Keith Kamerling
|
0-0: Ball 1-0: Ball 2-0: Ball 3-0: Base on Balls
|
Batting: LHB Ryan Rogers
|
0-0: Ball 1-0: Ball 2-0: Called Strike Keith Kamerling steals 2nd base 2-1: Called Strike 2-2: Ball 3-2: Base on Balls
|
Pitching: LHP Danny Ortega
|
|
Batting: RHB Juan Lopez
|
0-0: Swinging Strike 0-1: Fielders Choice at 2nd, 6-4 (Groundball, 6, EV 108.8 MPH) Keith Kamerling to third
|
Batting: RHB Luis Cabera
|
0-0: Fielders Choice at 2nd, 6-4 (Groundball, 6, EV 85.6 MPH)
|
Bottom of the 5th over - 0 runs, 0 hits, 0 errors, 2 left on base; University of Maine 1 - University of Florida 2 |
TOP OF THE 6TH |
University of Maine Black Bears batting - Pitching for University of Florida Gators : LHP Alex Zepeda
|
Batting: RHB Justin Degon
|
0-0: Called Strike 0-1: Foul Ball, location: 2F 0-2: Strikes out swinging
|
Batting: LHB Carlos Rivera
|
0-0: Called Strike 0-1: Ground out 4-3 (Groundball, 4S, EV 90.0 MPH)
|
Batting: RHB Jay Mellon
|
0-0: Called Strike 0-1: Foul Ball, location: 2F 0-2: Strikes out looking
|
Top of the 6th over - 0 runs, 0 hits, 0 errors, 0 left on base; University of Maine 1 - University of Florida 2 |
BOTTOM OF THE 6TH |
University of Florida Gators batting - Pitching for University of Maine Black Bears : LHP Danny Ortega
|
Batting: RHB Ben Bailey
|
0-0: Called Strike 0-1: Ball 1-1: Ball 2-1: Ground out 6-3 (Groundball, 6S, EV 68.8 MPH)
|
Batting: RHB Elliott Pye
|
0-0: Ball 1-0: Ball 2-0: Called Strike 2-1: Swinging Strike 2-2: Ball 3-2: Foul Ball, location: 2F 3-2: Ground out 4-3 (Groundball, 34, EV 88.8 MPH)
|
Batting: RHB Lião Weishampt
|
0-0: Called Strike 0-1: Swinging Strike 0-2: Ground out 5-3 (Groundball, 5L, EV 88.8 MPH)
|
Bottom of the 6th over - 0 runs, 0 hits, 0 errors, 0 left on base; University of Maine 1 - University of Florida 2 |
TOP OF THE 7TH |
University of Maine Black Bears batting - Pitching for University of Florida Gators : LHP Alex Zepeda
|
Batting: RHB Christopher Arnett
|
0-0: Swinging Strike 0-1: Fly out, F8 (Flyball, 8RD, EV 83.8 MPH)
|
Batting: RHB Frank Gould
|
0-0: Called Strike 0-1: Ball 1-1: Ball 2-1: Foul Ball, location: 2F 2-2: Ball 3-2: Foul Ball, location: 2F 3-2: Fly out, F9 (Flyball, 9D, EV 80.0 MPH)
|
Pinch Hitting: RHB Scott Snyder
|
0-0: Ball 1-0: Ball 2-0: Ball 3-0: Base on Balls
|
Pitching: LHP Juan Portillo
|
|
Batting: LHB John Harvey
|
0-0: Called Strike Scott Snyder is caught stealing 2nd base 2-6
|
Top of the 7th over - 0 runs, 0 hits, 0 errors, 0 left on base; University of Maine 1 - University of Florida 2 |
BOTTOM OF THE 7TH |
University of Florida Gators batting - Pitching for University of Maine Black Bears : LHP Danny Ortega
|
Now at 3B: Taro Inamine
|
|
Batting: RHB Danny Cisneros
|
0-0: Called Strike 0-1: Ball 1-1: Foul Ball, location: 2F 1-2: Ground out 6-3 (Groundball, 6, EV 84.4 MPH)
|
Batting: RHB Marco Morales
|
0-0: Ball 1-0: Foul Ball, location: 2F 1-1: Ball 2-1: Ball 3-1: Swinging Strike 3-2: Foul Ball, location: 2F 3-2: SINGLE (Flyball, 8RS, EV 88.8 MPH)
|
Batting: RHB Keith Kamerling
|
Pickoff Throw to First - Out! 1-3 0-0: Foul Ball, location: 2F 0-1: Ball 1-1: Swinging Strike 1-2: Strikes out swinging
|
Bottom of the 7th over - 0 runs, 1 hit, 0 errors, 0 left on base; University of Maine 1 - University of Florida 2 |
TOP OF THE 8TH |
University of Maine Black Bears batting - Pitching for University of Florida Gators : LHP Juan Portillo
|
Pinch Hitting: RHB Rewa Havika
|
0-0: Ball 1-0: Ball 2-0: Ball 3-0: Called Strike 3-1: Foul Ball, location: 2F 3-2: Base on Balls
|
Pitching: RHP Carlos Figueroa
|
|
Batting: SHB Mario Barajas
|
0-0: Bunt missed! 0-1: Bunt missed! 0-2: Foul Ball, location: 2F 0-2: Single, Error in OF, E9, batter to second base (Groundball, 34D, EV 100.0 MPH) Rewa Havika to third
|
Pinch Hitting: LHB John Bergeron
|
0-0: Foul Ball, location: 2F 0-1: Ball 1-1: Ball 2-1: Swinging Strike 2-2: Ball 3-2: Strikes out swinging
|
Pinch Hitting: LHB John Knox
|
0-0: Called Strike 0-1: Foul Ball, location: 2F 0-2: Ground out 6-3 (Groundball, 6, EV 103.8 MPH) Rewa Havika scores
|
Pinch Hitting: LHB Ed Leighton
|
0-0: Intentional Walk
|
Pinch Runner at 2nd Travis Whitby:
|
|
Pinch Hitting: RHB Bryan Douglas
|
0-0: Swinging Strike 0-1: Ball 1-1: Foul Ball, location: 2F 1-2: Ball 2-2: Ground out 4-3 (Groundball, 34, EV 80.6 MPH)
|
Top of the 8th over - 1 run, 1 hit, 1 error, 2 left on base; University of Maine 2 - University of Florida 2 |
BOTTOM OF THE 8TH |
University of Florida Gators batting - Pitching for University of Maine Black Bears : LHP Danny Ortega
|
Now at 1B: Mark Cozens
|
|
Now at 2B: Steve Thomas
|
|
Now at SS: Travis Whitby
|
|
Now in LF: Alex Vazquez
|
|
Now in CF: Kevin Baker
|
|
Now in RF: John Bergeron
|
|
Pinch Hitting: RHB Ryan Jennings
|
0-0: Called Strike 0-1: Fly out, F8 (Flyball, 8LD, EV 101.9 MPH)
|
Batting: RHB Juan Lopez
|
0-0: Ball 1-0: Ground out 5-3 (Groundball, 5, EV 77.5 MPH)
|
Batting: RHB Luis Cabera
|
0-0: Ball 1-0: Ball 2-0: Called Strike 2-1: Ball 3-1: Base on Balls
|
Batting: RHB Ben Bailey
|
0-0: Called Strike 0-1: Fly out, F8 (Flyball, 8RM, EV 83.8 MPH)
|
Bottom of the 8th over - 0 runs, 0 hits, 0 errors, 1 left on base; University of Maine 2 - University of Florida 2 |
TOP OF THE 9TH |
University of Maine Black Bears batting - Pitching for University of Florida Gators : RHP Carlos Figueroa
|
Now in RF: Dave Newsome
|
|
Pinch Hitting: RHB Pita Arnurna
|
0-0: Called Strike 0-1: Ball 1-1: Foul Ball, location: 2F 1-2: Ball 2-2: Fly out, F8 (Flyball, 8LXD, EV 85.0 MPH)
|
Batting: RHB Frank Gould
|
0-0: Ball 1-0: Ball 2-0: Foul Ball, location: 2F 2-1: Ground out 1-3 (Groundball, 13S, EV 69.4 MPH)
|
Batting: LHB Taro Inamine
|
0-0: Fly out, F7 (Flyball, 7D, EV 82.5 MPH)
|
Top of the 9th over - 0 runs, 0 hits, 0 errors, 0 left on base; University of Maine 2 - University of Florida 2 |
BOTTOM OF THE 9TH |
University of Florida Gators batting - Pitching for University of Maine Black Bears : LHP Danny Ortega
|
Pitching: RHP Ben Kasim
|
|
Now at C: Julio Villanueva
|
|
Pinch Hitting: SHB Pat Justice
|
0-0: Fly out, F8 (Flyball, 8RD, EV 99.4 MPH)
|
Pinch Hitting: SHB Michael Medina
|
0-0: Ball 1-0: Called Strike 1-1: Ball 2-1: Foul Ball, location: 2F 2-2: Strikes out swinging
|
Pinch Hitting: LHB Juan Moreno
|
0-0: Called Strike 0-1: Called Strike 0-2: Ball 1-2: Ground out 4-3 (Groundball, 4, EV 98.8 MPH)
|
Bottom of the 9th over - 0 runs, 0 hits, 0 errors, 0 left on base; University of Maine 2 - University of Florida 2 |
TOP OF THE 10TH |
University of Maine Black Bears batting - Pitching for University of Florida Gators : RHP Carlos Figueroa
|
Pitching: RHP Vespasiano Galvanoni
|
|
Now at C: Paul Martel
|
|
Now at 2B: Manny Harrison
|
|
Now in LF: Keith Kamerling
|
|
Now in CF: Juan Cadavid
|
|
Batting: LHB Steve Thomas
|
0-0: Ball 1-0: Called Strike 1-1: Foul Ball, location: 2F 1-2: Strikes out looking
|
Batting: RHB Travis Whitby
|
0-0: Called Strike 0-1: Foul Ball, location: 2F 0-2: Ball 1-2: Ball 2-2: Ball 3-2: Base on Balls
|
Batting: LHB John Bergeron
|
0-0: Ball 1-0: Ball 2-0: Fielders Choice at 2nd, 4-6 (Groundball, 4, EV 85.0 MPH)
|
Batting: RHB Kevin Baker
|
0-0: Ball 1-0: Called Strike 1-1: Ball Wild Pitch! John Bergeron to second 2-1: Intentional Walk
|
Pinch Hitting: LHB Bill Knolle
|
0-0: Swinging Strike 0-1: Called Strike 0-2: Foul Ball, location: 2F 0-2: Foul Ball, location: 2F 0-2: Strikes out swinging
|
Top of the 10th over - 0 runs, 0 hits, 0 errors, 2 left on base; University of Maine 2 - University of Florida 2 |
BOTTOM OF THE 10TH |
University of Florida Gators batting - Pitching for University of Maine Black Bears : RHP Ben Kasim
|
Pitching: RHP Daniel Graves
|
|
Now at 1B: Geoffrey Potter
|
|
Pinch Hitting: RHB Cyril Theophanous
|
0-0: Called Strike 0-1: Ball 1-1: Foul Ball, location: 2F 1-2: Ball 2-2: Foul Ball, location: 2F 2-2: Foul Ball, location: 2F 2-2: Ball 3-2: Base on Balls
|
Batting: RHB Keith Kamerling
|
0-0: Bunt missed! 0-1: Sac Bunt to 2R - play at first, batter OUT! 2-3 Cyril Theophanous to second
|
Batting: LHB Dave Newsome
|
0-0: Intentional Walk
|
Batting: RHB Juan Lopez
|
0-0: Ball 1-0: Ball 2-0: Ball 3-0: Called Strike 3-1: Called Strike 3-2: Reached via error on a dropped throw from 3B, E4 (Groundball, 56S, EV 87.5 MPH) Cyril Theophanous to third Dave Newsome to second
|
Batting: RHB C.J. Clifford
|
0-0: Called Strike 0-1: Foul Ball, location: 2F 0-2: SINGLE (Groundball, 6D, EV 98.1 MPH) Cyril Theophanous scores
|
Bottom of the 10th over - 1 run, 1 hit, 1 error, 2 left on base; University of Maine 2 - University of Florida 3 |
|